 Dungeon Crawl Stone Soup version 0.28-a0-429-g1448048969 (webtiles) character file.

Game seed: 13854874687915533509

11475 Conn the Arsonist (level 11, -7/97 HPs)
             Began as an Octopode Fire Elementalist on Sept 10, 2021.
             Was an Initiate of Sif Muna.
             Mangled by a komodo dragon (20 damage)
             ... on level 1 of the Lair of Beasts.
             The game lasted 00:30:59 (11350 turns).

Conn the Arsonist (Octopode Fire Elementalist)     Turns: 11350, Time: 00:30:59

Health: -7/97      AC: 25    Str:  7 (8)  XL:     11   Next: 78%
Magic:  4/20       EV:  2    Int: 18 (20) God:    Sif Muna [......]
Gold:   214        SH:  0    Dex: 12 (13) Spells: 8/22 levels left

rFire   + + .      SeeInvis .   a - +2 rapier (protect)
rCold   + . .      Faith    .   (no shield)
rNeg    + + +      Spirit   .   (helmet currently unavailable)
rPois   +          Reflect  .   (no amulet)
rElec   +          Harm     .   r - +4 ring of evasion
rCorr   +          Rampage  .   v - ring of positive energy
Will    +....      NoTele   +   H - ring of protection from cold
Stlth   +++.......              M - ring of willpower
HPRegen 0.26/turn               j - ring of fire
MPRegen 0.17/turn               O - ring of wizardry
                                (no ring)
                                (no ring)

@: tree-form, resistant, attractive
A: stationary, stasis, torment immunity, boosted hp, almost no armour,
(amphibious), 8 rings, (camouflage 1), (gelatinous body 1), (nimble swimmer 1),
(tentacles)
a: Renounce Religion


You were on level 1 of the Lair of Beasts.
You worshipped Sif Muna.
Sif Muna was noncommittal.
You were a tree.
You visited 3 branches of the dungeon, and saw 10 of its levels.

You collected 424 gold pieces.
You spent 210 gold pieces at shops.

Inventory:

Hand Weapons
 a - a +2 rapier of protection (weapon)
 c - a +4 hunting sling
 d - a +1 short sword of protection
Missiles
 s - 2 throwing nets
Armour
 N - a +1 hat (melded)
Magical Staves
 b - a staff of fire
 C - a staff of earth
 I - a staff of conjuration
 K - a staff of air
Jewellery
 j - a ring of fire (on tentacle)
 r - a +4 ring of evasion (left branch)
 t - a ring of ice
 v - a ring of positive energy (right branch)
 H - a ring of protection from cold (on tentacle)
 M - a ring of willpower (on tentacle)
 O - a ring of wizardry (on tentacle)
Wands
 q - a wand of acid (14)
 z - a wand of digging (1)
 F - a wand of flame (21)
 G - a wand of polymorph (7)
 J - a wand of iceblast (6)
Scrolls
 e - 2 scrolls of teleportation {unknown}
 f - a scroll of blinking {unknown}
 g - 2 scrolls of enchant weapon {unknown}
 h - 3 scrolls of enchant armour {unknown}
 i - 2 scrolls of amnesia {unknown}
 n - a scroll of torment {unknown}
 y - a scroll of noise {unknown}
 A - a scroll of brand weapon {unknown}
 D - 2 scrolls of immolation {unknown}
Potions
 l - 2 potions of might
 m - a potion of flight
 o - 2 potions of haste
 B - a potion of heal wounds {unknown}
 E - a potion of brilliance


   Skills:
 + Level 2.5 Fighting
 + Level 3.0 Short Blades
 + Level 1.4 Staves
 + Level 3.7 Dodging
 + Level 5.7 Stealth
 + Level 6.1 Spellcasting
 + Level 8.0 Conjurations
 + Level 1.6 Hexes
 + Level 11.2 Fire Magic
 + Level 4.0 Ice Magic
 * Level 7.0 Invocations
 + Level 0.5 Evocations


You had 8 spell levels left.
You knew the following spells:

 Your Spells              Type           Power      Damage    Failure   Level
a - Foxfire               Conj/Fire      100%       2x1d9     1%          1
b - Conjure Flame         Conj/Fire      57%        6-21      1%          3
c - Inner Flame           Hex/Fire       43%        N/A       1%          3
d - Flame Wave            Conj/Fire      57%        3d10      1%          4
e - Ozocubu's Armour      Ice            19%        N/A       2%          3

Your spell library contained the following spells:

 Spells                   Type           Power      Damage    Failure   Level
 Freeze                   Ice            76%        1d9       1%          1
 Scorch                   Fire           100%       2d10      1%          2
 Static Discharge         Conj/Air       19%        N/A       1%          2
 Ensorcelled Hibernation  Hex/Ice        30%        N/A       2%          2
 Frozen Ramparts          Ice            38%        1d5       2%          3
 Hailstorm                Conj/Ice       27%        3d7       4%          4
 Tukima's Dance           Hex            11%        N/A       8%          3
 Cause Fear               Hex            5%         N/A       24%         4
 Lightning Bolt           Conj/Air       9%         1d22      26%         5
 Metabolic Englaciation   Hex/Ice        7%         N/A       38%         5
 Animate Dead             Necr           2%         N/A       41%         4
 Excruciating Wounds      Necr           2%         N/A       75%         5
 Simulacrum               Ice/Necr       6%         N/A       95%         6
 Summon Cactus Giant      Summ           2%         N/A       99%         6
 Discord                  Hex            5%         N/A       100%        8
 Maxwell's Capacitive Co  Air            2%         ∞         100%        8
 Animate Armour           Summ/Erth      Unusable   N/A       N/A         4

Dungeon Overview and Level Annotations

Branches:
Dungeon (8/15)             Temple (1/1) D:5            Lair (1/6) D:8

Altars:
Ashenzari
Cheibriados
Dithmenos
Elyvilon
Fedhas
Gozag
Hepliaklqana
Kikubaaqudgha
Makhleb
Nemelex Xobeh
Okawaru
Qazlal
Ru
Sif Muna
Trog
Uskayaw
Vehumet
Wu Jian
Xom
Yredelemnul
Zin
The Shining One

Shops:
D:2 (   D:7 [   D:8 [


Innate Abilities, Weirdness & Mutations

You are a tree.
Your roots penetrate the ground, keeping you stationary.
You cannot be teleported.
You are immune to unholy pain and torment.
Your maximum health is greatly increased.
You cannot wear most types of armour.
((You are amphibious.))
You can wear up to eight rings at the same time.
((Your skin changes colour to match your surroundings (Stealth+).))
((Your rubbery body absorbs attacks. (AC +1, EV +1)))
((You are camouflaged near water. (Stealth+)))
((You have tentacles for arms and can constrict up to eight enemies at once.))


Message History

The cane toad resists with some effort.
The cane toad stings you but does no damage.
The komodo dragon bites you but does no damage.
The cane toad stings you but does no damage.
Aiming: Paralyse
Press: ? - help, Shift-Dir - straight line, f/p - cane toad
Aim: a cane toad (chance to affect: 47%)
The cane toad suddenly stops moving!
The now-empty wand crumbles to dust.
The komodo dragon bites you.
Your +2 rapier of protection hums with potential!
a - a +2 rapier of protection (weapon)
The komodo dragon bites you!
* * * LOW HITPOINT WARNING * * *
The helpless cane toad fails to defend itself.
You puncture the cane toad!
Your weapon exudes an aura of protection.
The cane toad is heavily wounded.
The komodo dragon bites you!
* * * LOW HITPOINT WARNING * * *
Unknown command.
Okay, then.
Okay, then.
It was a potion of attraction.
You feel attractive to monsters.
The komodo dragon bites you but does no damage.
It was a potion of experience.
You feel more experienced!
Your Fire Magic skill gained 2 levels and is now at level 11!
Your Invocations skill gained 7 levels and is now at level 7!
You have reached level 11!
The komodo dragon bites you.
* * * LOW HITPOINT WARNING * * *
It was a potion of resistance.
You feel protected.
The komodo dragon bites you but does no damage.
It was a potion of degeneration.
There was something very wrong with that liquid.
You feel weakened.
You feel dopey.
You feel clumsy. The komodo dragon bites you!!
You die...

#........
##...............
#................
##............P...
##................
#P............#...
##................
#.............#...
##.......♣........
#.^....F#l...#P..
..
##................
..
#.................
..
#.................
.
##................
#P................
..
##.............P..
..
##.............##.
.


You could see a komodo dragon and a cane toad (paralysed).

Vanquished Creatures
  A hydra (Lair:1)
  A troll (D:8)
  A polar bear (Lair:1)
  5 blink frogs (Lair:1)
  3 wyverns
  Eustachio (D:5)
  A steam dragon (D:7)
  2 water moccasins (Lair:1)
  2 sky beasts (D:5)
  2 black bears
  3 wolves (Lair:1)
  An ogre (D:5)
  2 necrophages (D:5)
  A centaur (D:5)
  2 kobold brigands
  A gnoll sergeant (D:8)
  4 bullfrogs
  2 scorpions
  A water moccasin skeleton (D:5)
  A howler monkey (D:6)
  4 wights (D:8)
  A centaur zombie (D:7)
  A bullfrog zombie (D:5)
  A jelly (D:6)
  A centaur skeleton (D:7)
  2 orc priests (D:8)
  3 hounds
  Jessica (D:2)
  3 iguanas
  6 orc wizards
  A scorpion zombie (D:5)
  A howler monkey zombie (D:8)
  Robin (D:3)
  10 adders
  13 gnolls
  A river rat (D:4)
  A shadow imp (D:6)
  2 ufetubi
  An adder skeleton (D:4)
  A worm (D:5)
  2 dart slugs (D:2)
  25 orcs
  12 ball pythons
  2 bats
  6 endoplasms
  3 giant cockroaches
  21 goblins
  8 hobgoblins
  4 jackals (D:3)
  15 kobolds
  6 quokkas
  4 frilled lizards
  16 rats
216 creatures vanquished.

Vanquished Creatures (others)
  771 foxfires
  2 fungi (Lair:1)
  3 plants (Lair:1)
776 creatures vanquished.

Grand Total: 992 creatures vanquished

Notes
Turn   | Place    | Note
-------+----------+-------------------------------------------
     0 | D:1      | Conn the Octopode Fire Elementalist began the quest for the
                  | Orb.
     0 | D:1      | Reached XP level 1. HP: 11/11 MP: 3/3
   279 | D:1      | Reached XP level 2. HP: 17/17 MP: 0/5
   818 | D:1      | Reached XP level 3. HP: 21/21 MP: 1/6
   824 | D:1      | Learned a level 3 spell: Conjure Flame
  1005 | D:1      | Found a faded altar of an unknown god.
  1507 | D:2      | Reached XP level 4. HP: 27/27 MP: 2/7
  1788 | D:2      | Found Kuapelud's Antique Weapon Shoppe.
  2092 | D:2      | Reached skill level 4 in Fire Magic
  2270 | D:2      | Noticed Jessica
  2279 | D:2      | Killed Jessica
  2280 | D:2      | Reached XP level 5. HP: 28/31 MP: 1/9
  3505 | D:3      | Noticed a water moccasin
  3568 | D:4      | Reached XP level 6. HP: 11/37 MP: 1/10
  3917 | D:4      | Learned a level 3 spell: Inner Flame
  3922 | D:4      | Learned a level 4 spell: Flame Wave
  4096 | D:4      | Reached skill level 1 in Short Blades
  4311 | D:4      | Noticed a black bear
  4320 | D:4      | Killed a black bear
  4480 | D:4      | Reached XP level 7. HP: 42/42 MP: 12/12
  4980 | D:3      | Noticed Robin
  4987 | D:3      | Killed Robin
  5238 | D:5      | Entered Level 5 of the Dungeon
  5238 | D:5      | Found a staircase to the Ecumenical Temple.
  5248 | D:5      | Reached skill level 5 in Fire Magic
  5253 | D:5      | Reached skill level 1 in Fighting
  5505 | D:5      | Reached skill level 5 in Stealth
  5505 | D:5      | Reached XP level 8. HP: 48/48 MP: 3/13
  5908 | D:5      | Noticed Eustachio
  5918 | D:5      | Killed Eustachio
  5995 | D:5      | Reached skill level 5 in Conjurations
  6013 | D:5      | Reached skill level 6 in Fire Magic
  6301 | D:5      | Found an opulent altar of Gozag.
  6441 | D:5      | Found a glowing silver altar of Zin.
  6779 | D:6      | Reached XP level 9. HP: 46/53 MP: 14/16
  7267 | D:6      | Learned a level 3 spell: Ozocubu's Armour
  7342 | Temple   | Entered the Ecumenical Temple
  7469 | D:7      | Found Ekhluk's Antique Armour Emporium.
  7691 | D:7      | Reached skill level 7 in Fire Magic
  7714 | D:7      | Got the Catalogue of Supportive Black Rituals
  8430 | D:8      | Reached skill level 1 in Ice Magic
  8435 | D:8      | Noticed a troll
  8565 | D:8      | Reached skill level 5 in Spellcasting
  9288 | D:8      | Found a staircase to the Lair.
  9352 | D:8      | Killed a troll
  9404 | D:8      | Found a glowing golden altar of the Shining One.
  9406 | D:8      | Found an iron altar of Okawaru.
  9407 | D:8      | Found a sacrificial altar of Ru.
  9408 | D:8      | Found a hazy altar of Hepliaklqana.
  9409 | D:8      | Found a basalt altar of Yredelemnul.
  9412 | D:8      | Found a radiant altar of Vehumet.
  9414 | D:8      | Found a shimmering blue altar of Sif Muna.
  9417 | D:8      | Became a worshipper of Sif Muna the Loreminder
  9546 | D:8      | Reached skill level 1 in Hexes
  9701 | D:8      | Reached skill level 8 in Fire Magic
  9786 | D:8      | Found Udumy's Antique Armour Emporium.
  9794 | D:8      | Bought an embroidered hat for 210 gold pieces
 10334 | Lair:1   | Entered Level 1 of the Lair of Beasts
 10476 | Lair:1   | Reached skill level 1 in Staves
 10476 | Lair:1   | Reached XP level 10. HP: 60/60 MP: 11/18
 10931 | Lair:1   | Noticed a six-headed hydra
 10951 | Lair:1   | Killed a six-headed hydra
 10952 | Lair:1   | Reached skill level 9 in Fire Magic
 11332 | Lair:1   | Noticed a cane toad
 11348 | Lair:1   | Reached skill level 11 in Fire Magic
 11348 | Lair:1   | Reached XP level 11. HP: 13/65 MP: 4/20
 11350 | Lair:1   | Mangled by a komodo dragon

Illustrated notes

Levels and vault maps discovered:
D:1:      onia_arrival_handbag, layout_basic, shapermc_ecumenical_altar_venn,
          minivault_25, kennysheep_nondescript
D:2:      layout_basic, serial_shops, shop, kennysheep_jessica_study
D:3:      layout_rooms, uniq_robin
D:4:      layout_loops_ring, portal_sewer_entry_e, chequers_serial_rivers_room_b
D:5:      layout_basic, pdpol_temple_overflow_zin_treasury_gozag_greed,
          minmay_temple_entry_drinking_statues, eino_tiny_chamber,
          uniq_eustachio
D:6:      layout_cave_pools
D:7:      layout_gridville, nicolae_stop_n_shop_2
D:8:      layout_basic, minitemple, lair_entry_dummy, serial_shops,
          nicolae_shop_stone
Temple:   nicolae_temple_god_jail
Lair:1:   layout_gridlike, basic_altar, lemuel_fruit_tree

Skill      XL: |  1  2  3  4  5  6  7  8  9 10 |
---------------+-------------------------------+-----
Stealth        | 3 4 5 |  5.7
Fire Magic     | 4 5 6 8 11 | 11.2
Conjurations   | 2 3 4 5 7 8 |  8.0
Spellcasting   | 3 4 5 6 |  6.1
Short Blades   | 1 2 3 |  3.0
Fighting       | 1 2 |  2.5
Dodging        | 3 |  3.7
Ice Magic      | 2 4 |  4.0
Hexes          | 1 |  1.6
Staves         | 1 |  1.4
Invocations    | 7 |  7.0
Evocations     | |  0.5

Action                   |  1- 3 |  4- 6 |  7- 9 | 10-12 || total
-------------------------+-------+-------+-------+-------++-------
Melee: Unarmed           |     8 |       |       |       ||     8
       Constrict         |     5 |    19 |    23 |       ||    47
       Tentacles         |     5 |    15 |    19 |       ||    39
       Short sword       |    13 |    73 |    46 |       ||   132
       Rapier            |       |       |    24 |     3 ||    27
       Staff             |       |       |    26 |     5 ||    31
 Cast: Foxfire           |    56 |    95 |   235 |    64 ||   450
       Flame Wave        |       |       |     4 |     1 ||     5
       Inner Flame       |       |       |    11 |     3 ||    14
       Ozocubu's Armour  |       |       |     2 |       ||     2
       Conjure Flame     |       |       |     1 |     2 ||     3
Evoke: Wand              |       |       |     1 |    10 ||    11
  Use: Potion            |       |     2 |       |     7 ||     9
       Scroll            |       |       |     3 |       ||     3
 Stab: Sleeping          |     4 |     7 |     7 |       ||    18
       Paralysed         |       |       |       |     1 ||     1
Armor: Skin              |     6 |    17 |    18 |    19 ||    60
Dodge: Dodged            |    27 |    50 |   129 |    12 ||   218

Table legend: (Time is in decaauts)
 A = Elapsed time spent in this place.
 B = Non-inter-level travel time spent in this place.
 C = Inter-level travel time spent in this place.
 D = Time resting spent in this place.
 E = Time spent auto-exploring this place.
 F = Levels seen in this place.
 G = Mean time per level.
                   A        B        C        D        E       F      G
               +--------+--------+--------+--------+--------+-----+--------+
         Total |  11347 |  10976 |    371 |    991 |   7413 |  10 | 1134.7 |
       Dungeon |  10263 |   9893 |    370 |    757 |   6779 |   8 | 1282.9 |
        Temple |     68 |     68 |      0 |      0 |     45 |   1 |   68.0 |
          Lair |   1014 |   1014 |      0 |    234 |    589 |   1 | 1014.0 |
               +--------+--------+--------+--------+--------+-----+--------+

Top non-repeatable levels by time:
     D:7: 1689 daAuts
     D:2: 1487 daAuts
     D:5: 1382 daAuts
     D:1: 1368 daAuts
     D:4: 1313 daAuts
     D:8: 1181 daAuts
     D:3: 1058 daAuts
  Lair:1: 1014 daAuts
     D:6: 781 daAuts
  Temple: 68 daAuts
